 Dungeon Crawl Stone Soup version 0.21.0-25-ge575cb9ce8 (webtiles) character file.

17045 Kepler the Stickfighter (level 12, -3/112 HPs)
             Began as a Minotaur Gladiator on Jan 26, 2018.
             Was a High Priest of Wu Jian.
             Slain by a seven-headed hydra (10 damage)
             ... on level 3 of the Lair of Beasts.
             The game lasted 00:17:29 (9316 turns).

Kepler the Stickfighter (Minotaur Gladiator)        Turns: 9316, Time: 00:17:30

Health: -3/112     AC: 15    Str: 19    XL:     12   Next: 15%
Magic:  12/12      EV: 11    Int:  5    God:    Wu Jian [*****.]
Gold:   936        SH:  0    Dex: 17    Spells: 11/11 levels left

rFire    x . .     SeeInvis .   a - +0 quarterstaff
rCold    + . .     Gourm    .   (shield currently unavailable)
rNeg     . . .     Faith    .   t - +0 chain mail
rPois    .         Spirit   .   c - +0 hat
rElec    .         Reflect  .   (no cloak)
rCorr    +         Harm     .   (no gloves)
MR       .....                  K - +2 pair of boots
Stlth    ..........             u - amulet of regeneration
HPRegen  0.68/turn              S - ring of ice
MPRegen  0.13/turn              M - ring of resist corrosion

@: no status effects
A: retaliatory headbutt, horns 2
a: Wall Jump, Serpent's Lash, Heavenly Storm, Renounce Religion


You were on level 3 of the Lair of Beasts.
You worshipped Wu Jian.
Wu Jian was extremely pleased with you.
You were not hungry.

You visited 3 branches of the dungeon, and saw 13 of its levels.
You also visited: Ossuary.

You collected 936 gold pieces.

Inventory:

Hand Weapons
 a - a +0 quarterstaff (weapon)
 r - a +0 quarterstaff
 O - a +0 quarterstaff
Missiles
 z - a throwing net (quivered)
 Q - 7 javelins of returning
Armour
 b - a +0 leather armour
 c - a +0 hat (worn)
 t - a +0 chain mail (worn)
 x - a +0 large shield
 J - the +0 shield of Resonance {rPois Str+2, unknown}
   (You found it on level 6 of the Dungeon)

   It affects your strength (+2).
   It protects you from poison.
 K - a +2 pair of boots (worn)
Magical Staves
 Z - an uncursed staff of death
Jewellery
 u - an amulet of regeneration (around neck)
 A - a -2 ring of strength
 M - a ring of resist corrosion (right hand)
 S - a ring of ice (left hand)
Wands
 y - a wand of random effects (41)
 F - a wand of polymorph (11)
 T - a wand of flame (25)
 U - a wand of disintegration (13)
Scrolls
 d - 9 scrolls of remove curse
 h - 4 scrolls of teleportation {unknown}
 j - a scroll of enchant armour {unknown}
 k - 4 scrolls of fog
 l - 5 scrolls of amnesia
 m - a scroll of noise {unknown}
 n - 5 scrolls of identify
 s - 3 scrolls of enchant weapon
 I - a scroll of immolation {unknown}
 L - a scroll of fear {unknown}
 N - a scroll of magic mapping {unknown}
 R - a scroll of summoning {unknown}
Potions
 e - 6 potions of degeneration
 g - 3 potions of might
 i - a potion of resistance {unknown}
 o - 2 potions of invisibility
 p - 5 potions of curing
 q - 4 potions of flight
 v - 2 potions of agility {unknown}
 w - a potion of cancellation {unknown}
 B - 2 potions of haste
 C - a potion of lignification {unknown}
 D - a potion of mutation {unknown}
 E - a potion of heal wounds
 G - a potion of brilliance {unknown}
 P - a potion of berserk rage {unknown}
 W - a potion of ambrosia {unknown}
Books
 H - a book of Geomancy

   Spells                             Type                      Level
   a - Sandblast                      Earth                        1
   b - Passwall                       Transmutation/Earth          2
   c - Stone Arrow                    Conjuration/Earth            3
   d - Petrify                        Transmutation/Earth          4
   e - Lee's Rapid Deconstruction     Earth                        5
 V - a book of Frost

   Spells                             Type                      Level
   a - Freeze                         Ice                          1
   b - Throw Frost                    Conjuration/Ice              2
   c - Ozocubu's Armour               Charms/Ice                   3
   d - Throw Icicle                   Conjuration/Ice              4
   e - Summon Ice Beast               Ice/Summoning                4
 X - a book of Maledictions

   Spells                             Type                      Level
   a - Corona                         Hexes                        1
   b - Ensorcelled Hibernation        Hexes/Ice                    2
   c - Confuse                        Hexes                        3
   d - Tukima's Dance                 Hexes                        3
   e - Dazzling Spray                 Conjuration/Hexes            3
Comestibles
 f - 18 rations
 Y - 5 chunks of flesh


   Skills:
 + Level 11.8 Fighting
 + Level 15.2 Staves
 - Level 2.0 Throwing
 + Level 11.8 Armour
 + Level 6.4 Dodging
 * Level 2.0 Evocations


You had 11 spell levels left.
You didn't know any spells.

Dungeon Overview and Level Annotations

Branches:
Dungeon (9/15)             Temple (1/1) D:4            Lair (3/6) D:9
 Spider (0/4) Lair:2
  Swamp: Lair:2-4    Shoals: Lair:2-4       Orc: D:9-12

Altars:
Ashenzari
Cheibriados
Dithmenos
Fedhas
Kikubaaqudgha
Nemelex Xobeh
Okawaru
Trog
Uskayaw
Vehumet
Wu Jian
Zin

Shops:
D:9 *

Annotations:
Lair:1 exclusion: oklob plant


Innate Abilities, Weirdness & Mutations

You reflexively headbutt those who attack you in melee.
You have a pair of horns on your head.


Message History

* * * LOW HITPOINT WARNING * * *
The seven-headed hydra barely misses you.
The seven-headed hydra bites you!
* * * LOW HITPOINT WARNING * * *
The seven-headed hydra bites you but does no damage. x2
Unknown command.
You spin and attack the seven-headed hydra.
You hit the seven-headed hydra. You headbutt the seven-headed hydra.
The seven-headed hydra is heavily wounded.
You spin and attack the hippogriff repeatedly.
You completely miss the hippogriff. You headbutt the hippogriff!
The hippogriff is almost dead.
You hit the hippogriff but do no damage.
The hippogriff is almost dead.
The hippogriff bites you but does no damage.
The hippogriff pecks you but does no damage.
The hippogriff claws you but does no damage.
The seven-headed hydra misses you. You furiously retaliate!
You headbutt the seven-headed hydra. The seven-headed hydra bites you!
You die...

≈≈.<.≈≈≈≈............
≈≈≈.≈≈≈≈.............
≈≈≈≈≈≈≈≈..........#[.
... .
≈≈≈≈≈≈≈≈.........##..
.....
≈≈≈≈≈≈..............
#...#.
≈.≈≈≈....##.........
#....
≈###...###.........
#....##.#....##
###.......
#....##@...#
#.....<..
#....PDDH.##
###........
##....†Y.##
#.....)....
#........#
##.........
.P.....F..F..#
#...†......
P.............#
##.........
..$...........#
#.#......#.
.............##
##..###.##.
.............# #..
### #


You could see a seven-headed hydra (pinned), a five-headed hydra, a hippogriff
(pinned), a yak and 2 blink frogs.

Vanquished Creatures
  A two-headed ogre (D:8)
  The ghost of IWannaBeepSomebody the Covert, a novice OpAM of Fedhas (D:7)
  An ugly thing (D:9)
  The ghost of chimenez the Changer, a novice OpTm (D:6)
  A black mamba (Lair:1)
  2 spiny frogs
  4 polar bears (Lair:1)
  Grinder (D:3)
  A hornet (Lair:2)
  A troll (D:9)
  4 hippogriffs
  11 blink frogs
  Sigmund (D:3)
  22 yaks
  A hungry ghost (D:8)
  A steam dragon (D:8)
  The ghost of IWannaBeepSomebody the Sneak, an amateur OpAM (D:4)
  Edmund (D:4)
  3 water moccasins
  2 orc warriors
  7 porcupines
  3 sky beasts
  A necrophage (D:6)
  2 phantoms
  A black bear (D:9)
  2 ice beasts
  2 centaurs
  8 wolves (Lair:2)
  4 ogres
  A big kobold (D:8)
  3 crocodiles
  13 bullfrogs
  4 scorpions (D:5)
  3 wights (D:7)
  4 killer bees (D:7)
  A howler monkey (D:6)
  2 electric eels (D:8)
  3 crimson imps
  A centaur zombie (D:5)
  2 quasits
  7 hounds
  An orc priest (D:8)
  2 jellies (D:8)
  6 orc wizards
  Terence (D:3)
  5 iguanas
  8 worker ants
  A big kobold zombie (Ossuary)
  A hound zombie (D:7)
  8 mummies (Ossuary)
  2 worker ant zombies
  18 adders
  7 gnolls
  2 shadow imps
  2 oozes (D:3)
  2 adder skeletons
  9 worms
  5 dart slugs
  8 leopard geckos
  23 orcs
  4 giant cockroaches
  2 gnoll zombies (Ossuary)
  7 goblins
  6 hobgoblins
  13 jackals
  9 kobolds
  2 quokkas (D:6)
  A ball python (D:2)
  11 bats
  A frilled lizard (D:2)
  A hobgoblin zombie (Ossuary)
  2 kobold zombies (Ossuary)
  2 leopard gecko skeletons
  2 orc zombies (Ossuary)
  3 rats
  A fungus (D:5)
  A plant (D:9)
314 creatures vanquished.

Vanquished Creatures (others)
  15 fungi
  4 plants
19 creatures vanquished.

Grand Total: 333 creatures vanquished

Notes
Turn   | Place    | Note
-------+----------+-------------------------------------------
     0 | D:1      | Kepler the Minotaur Gladiator began the quest for the Orb.
     0 | D:1      | Reached XP level 1. HP: 18/18 MP: 0/0
   113 | D:1      | Reached skill level 4 in Staves
   206 | D:1      | Reached XP level 2. HP: 18/25 MP: 1/1
   624 | D:2      | Reached skill level 5 in Staves
   639 | D:2      | Reached XP level 3. HP: 29/30 MP: 2/2
   927 | D:2      | Reached skill level 6 in Staves
   927 | D:2      | Reached XP level 4. HP: 22/37 MP: 3/3
  1129 | D:2      | Found a shattered altar of Ashenzari.
  1767 | D:3      | Reached XP level 5. HP: 42/42 MP: 4/4
  1793 | D:3      | Reached skill level 1 in Armour
  1807 | D:3      | Noticed Grinder
  1818 | D:3      | Paralysed by Grinder for 2 turns
  1822 | D:3      | Killed Grinder
  1822 | D:3      | Reached skill level 7 in Staves
  1822 | D:3      | Reached XP level 6. HP: 23/51 MP: 5/5
  1926 | D:3      | Noticed Sigmund
  1943 | D:3      | Killed Sigmund
  1943 | D:3      | Reached skill level 8 in Staves
  2126 | D:3      | Reached XP level 7. HP: 57/57 MP: 6/6
  2152 | D:3      | Noticed Terence
  2159 | D:3      | Killed Terence
  2430 | D:4      | Noticed Edmund
  2430 | D:4      | Noticed IWannaBeepSomebody's ghost (amateur OpAM)
  2444 | D:4      | Killed IWannaBeepSomebody's ghost
  2482 | D:4      | Killed Edmund
  2482 | D:4      | Reached skill level 9 in Staves
  2603 | D:4      | Found a glowing silver altar of Zin.
  2642 | D:4      | Found a staircase to the Ecumenical Temple.
  2652 | Temple   | Entered the Ecumenical Temple
  2729 | Temple   | Became a worshipper of the Wu Jian Council
  2805 | D:5      | Entered Level 5 of the Dungeon
  2820 | D:5      | Reached XP level 8. HP: 58/67 MP: 7/7
  2932 | D:5      | You fall through a shaft for 2 floors!
  2947 | D:7      | Reached skill level 5 in Armour
  2959 | D:7      | Reached skill level 5 in Fighting
  2959 | D:7      | Reached skill level 10 in Staves
  3009 | D:5      | Reached * piety under Wu Jian
  3102 | D:5      | Found a sand-covered staircase.
  3108 | Ossuary  | Entered an ossuary
  3657 | D:5      | Reached ** piety under Wu Jian
  3685 | D:5      | Found the +7 Singing Sword
  3750 | D:6      | Reached skill level 11 in Staves
  3750 | D:6      | Reached XP level 9. HP: 75/75 MP: 8/8
  4096 | D:6      | Noticed chimenez's ghost (novice OpTm)
  4105 | D:6      | Killed chimenez's ghost
  4105 | D:6      | Reached skill level 12 in Staves
  4105 | D:6      | Reached skill level 5 in Dodging
  4182 | D:6      | Got a heavily runed shield
  4486 | D:7      | Found a shadowy altar of Dithmenos.
  4535 | D:7      | Noticed IWannaBeepSomebody's ghost (novice OpAM)
  4564 | D:7      | Killed IWannaBeepSomebody's ghost
  4783 | D:7      | Reached *** piety under Wu Jian
  4789 | D:7      | Reached XP level 10. HP: 83/88 MP: 9/9
  5082 | D:8      | Reached skill level 13 in Staves
  5174 | D:8      | Found a hide-covered altar of Uskayaw.
  5175 | D:8      | Noticed a two-headed ogre
  5193 | D:8      | Killed a two-headed ogre
  5433 | D:8      | Found a shadowy altar of Dithmenos.
  5455 | D:8      | Found a bloodstained altar of Trog.
  6012 | D:9      | Found a staircase to the Lair.
  6015 | D:9      | Noticed a green ugly thing
  6067 | D:9      | Reached skill level 14 in Staves
  6077 | D:9      | Reached **** piety under Wu Jian
  6116 | D:9      | Killed a green ugly thing
  6126 | D:9      | HP: 4/92 [poisoned by a green ugly thing]
  6131 | D:9      | HP: 2/92 [poisoned by a green ugly thing]
  6136 | D:9      | HP: 1/92 [poisoned by a green ugly thing]
  6142 | D:9      | HP: 2/92 [poisoned by a green ugly thing]
  6148 | D:9      | HP: 4/92 [poisoned by a green ugly thing]
  6563 | D:9      | Found Illao's General Store.
  6656 | D:9      | Found an iron altar of Okawaru.
  6765 | D:9      | Reached XP level 11. HP: 99/99 MP: 10/10
  7002 | Lair:1   | Entered Level 1 of the Lair of Beasts
  7202 | Lair:1   | Reached skill level 10 in Fighting
  7355 | Lair:1   | Reached skill level 10 in Armour
  7366 | Lair:1   | HP: 5/101 [yak (7)]
  7649 | Lair:1   | Noticed an oklob plant
  8309 | Lair:2   | Found a hole to the Spider Nest.
  8337 | Lair:2   | Reached skill level 15 in Staves
  8374 | Lair:2   | Reached ***** piety under Wu Jian
  8783 | Lair:2   | Paralysed by a hornet for 3 turns
  9045 | Lair:3   | Reached skill level 1 in Evocations
  9073 | Lair:3   | Reached XP level 12. HP: 38/110 MP: 11/11
  9082 | Lair:3   | HP: 1/111 [yak (6)]
  9304 | Lair:3   | Noticed a five-headed hydra
  9306 | Lair:3   | Noticed a seven-headed hydra
  9316 | Lair:3   | Slain by a seven-headed hydra

Skill      XL: |  1  2  3  4  5  6  7  8  9 10 11 12 |
---------------+-------------------------------------+-----
Staves         | 4 5 6 7 8 9 11 12 14 15 | 15.2
Armour         | 2 4 6 7 9 11 | 11.8
Fighting       | 3 4 6 8 9 11 | 11.8
Dodging        | 4 5 6 |  6.4
Evocations     | 1 2 |  2.0
Throwing       | |  2.0

Action                   |  1- 3 |  4- 6 |  7- 9 | 10-12 || total
-------------------------+-------+-------+-------+-------++-------
Melee: Quarterstaff      |    55 |    81 |   435 |   731 ||  1302
       Headbutt          |     7 |    18 |    90 |   165 ||   280
Throw: Throwing net      |       |       |     3 |       ||     3
Invok: Whirlwind         |       |       |    29 |    80 ||   109
       Lunge             |       |       |    23 |    29 ||    52
       Wall Jump         |       |       |     7 |    20 ||    27
  Use: Scroll            |       |       |       |     7 ||     7
       Potion            |       |       |       |     6 ||     6
 Stab: Held in net/web   |       |       |     2 |       ||     2
  Eat: Chunk             |       |     4 |     9 |    12 ||    25
       Ration            |       |       |       |     1 ||     1
Armor: Leather armour    |     3 |     7 |       |       ||    10
       Chain mail        |       |    16 |   127 |   293 ||   436
Dodge: Dodged            |    41 |    35 |   143 |   268 ||   487
